 Dungeon Crawl Stone Soup version 0.26-a0-597-gb535b0901c (webtiles) character file.

Game seed: 2032481835867393120

44 Rurisku the Grave Robber (level 3, -4/30 HPs)
             Began as a Deep Dwarf Necromancer on Aug 26, 2020.
             Slain by a worm (6 damage)
             ... on level 2 of the Dungeon.
             The game lasted 00:16:04 (1022 turns).

Rurisku the Grave Robber (Deep Dwarf Necromancer)   Turns: 1022, Time: 00:16:04

Health: -4/30      AC:  2    Str: 11    XL:     3   Next: 41%
Magic:  1/6        EV: 12    Int: 16    God:
Gold:   100        SH:  0    Dex: 13    Spells: 1/6 levels left

rFire    . . .     SeeInvis .   (no weapon)
rCold    . . .     Faith    .   (no shield)
rNeg     . . .     Spirit   .   a - +0 robe
rPois    .         Reflect  .   (no helmet)
rElec    .         Harm     .   (no cloak)
rCorr    .                      (no gloves)
MR       .....                  (no boots)
Stlth    ++........             (no amulet)
HPRegen  0.00/turn              (no ring)
MPRegen  0.10/turn              (no ring)

@: non-regenerating
A: damage resistance, heal wounds, sense surroundings 1, no regeneration
a: Heal Wounds


You were on level 2 of the Dungeon.
You visited 1 branch of the dungeon, and saw 2 of its levels.

You collected 100 gold pieces.

Inventory:

Missiles
 b - 19 arrows
 e - 26 stones (quivered)
 f - 7 sling bullets
Armour
 a - a +0 robe (worn)
 h - a +0 robe
 m - a +0 robe
Scrolls
 c - a scroll of noise {unknown}
 d - 2 scrolls of teleportation {unknown}
 g - 2 scrolls of amnesia {unknown}
 l - a scroll of identify {unknown}
Potions
 i - a potion of ambrosia {unknown}
 j - a potion of cancellation {unknown}
 k - a potion of lignification {unknown}


   Skills:
 + Level 0.4 Fighting
 + Level 0.7 Throwing
 + Level 2.2 Dodging
 + Level 2.4 Stealth
 + Level 2.2 Spellcasting
 + Level 5.1 Necromancy


You had one spell level left.
You knew the following spells:

 Your Spells              Type           Power        Failure   Level
a - Pain                  Necr           ###.         2%          1
b - Animate Skeleton      Necr           ###...       2%          1
c - Vampiric Draining     Necr           ###.......   8%          3

Your spell library contained the following spells:

 Spells                   Type           Power        Failure   Level
 Animate Dead             Necr           ###.......   24%         4
 Agony                    Necr           ###.....     56%         5


Dungeon Overview and Level Annotations

Branches:
Dungeon (2/15)

Altars:
Nemelex Xobeh
Sif Muna

Annotations:
D:2 Jessica


Innate Abilities, Weirdness & Mutations

You are resistant to damage.
You can heal yourself by infusing magical energy.
You passively map a small area around you.
You do not regenerate.


Message History

Throwing (i - inventory)
e - 30 stones (quivered)
Press: ? - help, Shift-Dir - straight line, f/p - worm
Aim: a worm (severely wounded)
You throw a stone. The stone hits the worm.
The worm is severely wounded.
The worm misses you.
Throwing (i - inventory)
e - 29 stones (quivered)
Press: ? - help, Shift-Dir - straight line, f/p - worm
Aim: a worm (severely wounded)
You throw a stone. The stone barely misses the worm.
The worm barely misses you.
Throwing (i - inventory)
e - 28 stones (quivered)
Press: ? - help, Shift-Dir - straight line, f/p - worm
Aim: a worm (severely wounded)
You throw a stone. The stone completely misses the worm.
Throwing (i - inventory)
e - 27 stones (quivered)
Press: ? - help, Shift-Dir - straight line, f/p - worm
Aim: a worm (severely wounded)
You throw a stone. The stone barely misses the worm.
The worm bites you!
You die...

#### ..## , ,....+........< ...#
.(.. * #...#######...
...#.##.#.... , #...# #...
...#.##.# ...,,#####...#######...
.#... #.# #.###............##...
##.####.##.#.<..............##...
.......... #................##...
........#### #.w.................
[....#.....# #$.@..........)....#
...........#..........#########.#
...........#########..# ##@## #.#
#####......# #..##8...8##..
#..........# #..##.....##..
#.####........#, **#..#_....._#..
#.#.##........#, .[.##.....##..
#.#.##........#* #.#...........#
* ,


You could see a worm.

Vanquished Creatures
  An adder (D:2)
  2 dart slugs (D:1)
  4 bats
  2 giant cockroaches (D:1)
  6 goblins
  4 hobgoblins
  2 frilled lizards
  4 kobolds (D:1)
  3 rats
28 creatures vanquished.

Vanquished Creatures (collateral kills)
  A giant cockroach (D:2)
1 creature vanquished.

Grand Total: 29 creatures vanquished

Notes
Turn   | Place    | Note
-------+----------+-------------------------------------------
     0 | D:1      | Rurisku the Deep Dwarf Necromancer began the quest for the
                  | Orb.
     0 | D:1      | Reached XP level 1. HP: 15/15 MP: 3/3
    20 | D:1      | Learned a level 1 spell: Animate Skeleton
   136 | D:1      | Reached XP level 2. HP: 22/22 MP: 1/4
   305 | D:1      | Reached skill level 5 in Necromancy
   605 | D:1      | You fall into a shaft and drop 1 floor!
   639 | D:2      | Reached XP level 3. HP: 10/28 MP: 0/6
   778 | D:2      | Learned a level 3 spell: Vampiric Draining
   979 | D:2      | Found a sparkling altar of Nemelex Xobeh.
   981 | D:2      | Noticed Jessica
   983 | D:2      | Found a shimmering blue altar of Sif Muna.
  1022 | D:2      | Slain by a worm

Illustrated notes

Levels and vault maps discovered:
D:1:      saegor_arrival_miasma, layout_rooms
D:2:      layout_basic, nicolae_overflow_hidden_temple,
          okawaru_ov_weapons_minmay, uniq_jessica

Skill      XL: |  1  2 |
---------------+-------+-----
Necromancy     | 5 |  5.1
Spellcasting   | 2 |  2.2
Fighting       | |  0.4
Throwing       | |  0.7
Dodging        | |  2.2
Stealth        | |  2.4

Action                   || total
-------------------------++-------
Throw: Stone             ||    83
 Cast: Pain              ||    49
       Animate Skeleton  ||    14
       Vampiric Draining ||     1
Armor: Robe              ||    14
Dodge: Dodged            ||    59

Table legend: (Time is in decaauts)
 A = Elapsed time spent in this place.
 B = Non-inter-level travel time spent in this place.
 C = Inter-level travel time spent in this place.
 D = Time resting spent in this place.
 E = Time spent auto-exploring this place.
 F = Levels seen in this place.
 G = Mean time per level.
                   A        B        C        D        E       F      G
               +--------+--------+--------+--------+--------+-----+--------+
         Total |   1029 |   1029 |      0 |     36 |      0 |   2 |  514.5 |
       Dungeon |   1029 |   1029 |      0 |     36 |      0 |   2 |  514.5 |
               +--------+--------+--------+--------+--------+-----+--------+

Top non-repeatable levels by time:
     D:1: 610 daAuts
     D:2: 418 daAuts
